 Dungeon Crawl Stone Soup version 0.25.1-2-g60ff931df9 (webtiles) character file.

Game seed: 13952062208999197106

10915 KyoPewz the Carver (level 11, 0/80 (81) HPs)
             Began as a Demonspawn Gladiator on Nov 9, 2020.
             Was a Priest of Wu Jian.
             Slain by an 11-headed hydra (6 damage)
             ... on level 10 of the Dungeon.
             The game lasted 00:33:36 (13273 turns).

KyoPewz the Carver (Demonspawn Gladiator)          Turns: 13273, Time: 00:33:36

HP:   0/80 (81)     AC: 14    Str: 16    XL:     11   Next: 42%
MP:   11/11         EV: 11    Int: 12    God:    Wu Jian [***...]
Gold: 452           SH: 11    Dex: 14    Spells: 10/10 levels left

rFire    . . .     SeeInvis .   a - +1 long sword
rCold    + . .     Gourm    .   j - +0 buckler
rNeg     . . .     Faith    .   x - +0 scale mail
rPois    .         Spirit   .   A - +1 helmet
rElec    .         Reflect  .   s - +0 cloak
rCorr    .         Harm     .   J - +2 pair of gloves
MR       .....                  I - +0 pair of boots
Stlth    +.........             (no amulet)
HPRegen  0.23/turn              D - ring of stealth
MPRegen  0.12/turn              o - ring of protection from cold

@: mighty
A: hooves 2, large bone plates 2, powered by pain 1, spiny 2
a: Wall Jump, Serpent's Lash, Renounce Religion


You were on level 10 of the Dungeon.
You worshipped Wu Jian.
Wu Jian was most pleased with you.
You were hungry.

You visited 1 branch of the dungeon, and saw 11 of its levels.

You collected 452 gold pieces.

Inventory:

Hand Weapons
 a - a +1 long sword (weapon)
Missiles
 d - 3 throwing nets (quivered) {!f}
Armour
 b - a +0 leather armour
 j - a +0 buckler (worn)
   (You found it on level 1 of the Dungeon)
 m - a +0 plate armour
   (You found it on level 4 of the Dungeon)
 q - a +0 tower shield
   (You found it on level 1 of the Dungeon)
 s - a +0 cloak (worn)
   (You found it on level 4 of the Dungeon)
 x - a +0 scale mail (worn)
   (You found it on level 3 of the Dungeon)
 A - a +1 helmet (worn)
 B - a +0 chain mail
   (You found it on level 3 of the Dungeon)
 I - a +0 pair of boots (worn)
   (You found it on level 4 of the Dungeon)
 J - a +2 pair of gloves (worn)
   (You found it on level 8 of the Dungeon)
Jewellery
 o - a ring of protection from cold (right hand)
   (You found it on level 8 of the Dungeon)
 D - a ring of stealth (left hand)
   (You found it on level 6 of the Dungeon)
Wands
 c - a wand of disintegration (8)
   (You found it on level 3 of the Dungeon)
 u - a wand of paralysis (13)
   (You found it on level 8 of the Dungeon)
 E - a wand of clouds (7)
   (You found it on level 8 of the Dungeon)
Scrolls
 g - 6 scrolls of amnesia
 i - 3 scrolls of magic mapping
 l - 5 scrolls of teleportation {@r4}
 t - 4 scrolls of enchant weapon
 y - a scroll of fog
Potions
 h - 2 potions of ambrosia
 k - 2 potions of might
 n - a potion of experience {unknown}
 p - 5 potions of stabbing
 r - 4 potions of flight
 v - a potion of degeneration {unknown}
 w - 3 potions of heal wounds {@q2}
 z - a potion of curing {@q1}
 H - a potion of cancellation {unknown}
 K - a potion of mutation {!q}
Comestibles
 e - 20 rations {!d}


   Skills:
 + Level 6.1 Fighting
 - Level 14.0 Long Blades
 - Level 2.0 Throwing
 + Level 4.0 Armour
 - Level 4.1 Dodging
 - Level 4.0 Shields


You had 10 spell levels left.
You didn't know any spells.
Your spell library was empty.

Dungeon Overview and Level Annotations

Branches:
Dungeon (11/15)            Temple (0/1) D:6            Lair (0/6) D:10
    Orc: D:9-12

Altars:
Dithmenos
Fedhas
Gozag
Nemelex Xobeh
Okawaru
Sif Muna
Wu Jian
Zin

Shops:
D:6 =


Innate Abilities, Weirdness & Mutations

You have hoof-like feet.
You are mostly covered in large bone plates. (SH +6)
You sometimes gain a little power by taking damage.
You are mostly covered in sharp spines.


Message History

You block the nine-headed hydra's attack.
The nine-headed hydra barely misses you.
The nine-headed hydra bites you. x3; The nine-headed hydra bites you!
* * * LOW HITPOINT WARNING * * *
You hit the nine-headed hydra.
Unknown command.
You chop one of the nine-headed hydra's heads off!
The eight-headed hydra grows two more!
You slash the ten-headed hydra!
You block the ten-headed hydra's attack.
The ten-headed hydra bites you!
* * * LOW HITPOINT WARNING * * *
The ten-headed hydra misses you.
The ten-headed hydra bites you but does no damage.
The ten-headed hydra bites you.
* * * LOW HITPOINT WARNING * * *
You block the ten-headed hydra's attack.
The ten-headed hydra bites you but does no damage. x2
The ten-headed hydra misses you. The ten-headed hydra barely misses you.
Things that are here:
a scroll of noise {!r}; an uncursed ring of attention The floor.
You are feeling hungry.
You spin and attack the ten-headed hydra repeatedly.
You chop one of the ten-headed hydra's heads off!
The nine-headed hydra grows two more!
You hit the 11-headed hydra. x2
The 11-headed hydra is struck by your spines.
The 11-headed hydra bites you!
* * * LOW HITPOINT WARNING * * *
The 11-headed hydra misses you.
The 11-headed hydra bites you but does no damage.
The 11-headed hydra bites you.
* * * LOW HITPOINT WARNING * * *
The 11-headed hydra closely misses you.
The 11-headed hydra completely misses you.
The 11-headed hydra bites you!
* * * LOW HITPOINT WARNING * * *
You focus on the pain.
You feel very mighty all of a sudden.
You block the 11-headed hydra's attack. x2; The 11-headed hydra bites you.
* * * LOW HITPOINT WARNING * * *
The 11-headed hydra bites you but does no damage.
You block the 11-headed hydra's attack. The 11-headed hydra bites you!
* * * LOW HITPOINT WARNING * * *
The 11-headed hydra bites you but does no damage.
The 11-headed hydra barely misses you. You block the 11-headed hydra's attack.
The 11-headed hydra bites you but does no damage. x2
The 11-headed hydra closely misses you.
The 11-headed hydra bites you but does no damage. x2
The 11-headed hydra bites you.
You die...

#.# #<# #..##....# #.# #.. #.#
#.# #..##..### #.# #.. #.# #.#
#..##..# #.#########.. #.#
#.####..##..# #............
#.###.......##..# #.#########..
............##..#####.## ##...
.......................# #....
........(..###.D#####..#######...
.....)..)(.# #.#@.........>......
#.#####.##)###..<........#####...
#.# #.##)(..........#..........
..## #.###############..........
...# #.# ##########. ...# #.# #.
#..####.## #. #....#.#.## #.
#.#...###.# #.


You could see a 11-headed hydra.

Vanquished Creatures
  An anaconda (shapeshifter) (D:9)
  3 two-headed ogres
  A cyclops (D:10)
  A manticore (D:9)
  2 hornets
  Grinder (D:3)
  2 hippogriffs
  Sigmund (D:3)
  A wyvern (D:8)
  A hungry ghost (D:9)
  Menkaure (D:7)
  A water moccasin (D:6)
  3 orc warriors
  4 porcupines (D:10)
  3 sky beasts
  2 ice beasts
  A phantom (D:11)
  Duvessa (D:6)
  3 black bears
  A necrophage (D:9)
  6 ogres
  5 centaurs
  2 crocodiles (D:10)
  Blork the orc (D:4)
  6 bullfrogs
  3 gnoll sergeants
  Dowan (D:7)
  A water moccasin skeleton (D:6)
  2 scorpions
  13 killer bees
  4 howler monkeys
  5 crimson imps
  4 jellies
  A bullfrog zombie (D:6)
  2 bullfrog skeletons
  2 orc priests
  2 centaur skeletons
  2 hounds
  11 orc wizards
  6 worker ants
  A hound zombie (D:5)
  A howler monkey zombie (D:6)
  2 worker ant zombies
  Robin (D:3)
  16 gnolls
  6 adders
  An adder skeleton (D:5)
  An adder zombie (D:7)
  A worm (D:2)
  7 dart slugs
  4 leopard geckos
  34 orcs
  11 bats
  3 giant cockroaches
  25 goblins
  7 hobgoblins
  18 jackals
  4 quokkas
  A ball python (D:2)
  A frilled lizard (D:1)
  A jackal zombie (D:6)
  8 kobolds
  A leopard gecko skeleton (D:4)
  A quokka zombie (D:9)
  15 rats
284 creatures vanquished.

Vanquished Creatures (others)
  A fungus (D:10)
  5 plants
6 creatures vanquished.

Grand Total: 290 creatures vanquished

Notes
Turn   | Place    | Note
-------+----------+-------------------------------------------
     0 | D:1      | KyoPewz the Demonspawn Gladiator began the quest for the
                  | Orb.
     0 | D:1      | Reached XP level 1. HP: 16/16 MP: 1/1
   264 | D:1      | Gained mutation: You are partially covered in sharp spines.
                  | [demonic ancestry]
   264 | D:1      | Reached XP level 2. HP: 22/22 MP: 2/2
   443 | D:1      | Reached skill level 3 in Long Blades
   462 | D:1      | Gained mutation: You sometimes gain a little power by
                  | taking damage. [demonic ancestry]
   462 | D:1      | Reached XP level 3. HP: 9/28 MP: 3/3
  1443 | D:2      | Gained mutation: You have large cloven feet. [demonic
                  | ancestry]
  1443 | D:2      | Reached XP level 4. HP: 28/34 MP: 4/4
  1815 | D:2      | Found an opulent altar of Gozag.
  2301 | D:3      | Found a faded altar of an unknown god.
  2396 | D:3      | Reached skill level 1 in Shields
  2432 | D:3      | Reached XP level 5. HP: 30/41 MP: 5/5
  2763 | D:3      | Noticed Sigmund
  2794 | D:3      | Killed Sigmund
  2794 | D:3      | Reached skill level 4 in Long Blades
  2794 | D:3      | Gained mutation: You have hoof-like feet. [demonic
                  | ancestry]
  2794 | D:3      | Reached XP level 6. HP: 16/48 MP: 6/6
  3116 | D:3      | Noticed Robin
  3133 | D:3      | Killed Robin
  3908 | D:4      | Noticed Grinder
  3912 | D:4      | Paralysed by Grinder for 2 turns
  3917 | D:4      | Noticed Blork the orc
  3928 | D:3      | Killed Grinder
  3928 | D:3      | Gained mutation: You are partially covered in large bone
                  | plates. (SH +4) [demonic ancestry]
  3928 | D:3      | Reached XP level 7. HP: 9/54 MP: 7/7
  4185 | D:4      | Killed Blork the orc
  4470 | D:4      | Reached skill level 5 in Long Blades
  4542 | D:4      | Found an ornate altar of the Wu Jian Council.
  4865 | D:4      | Became a worshipper of the Wu Jian Council
  4952 | D:4      | Found a glowing silver altar of Zin.
  5030 | D:4      | Found a shimmering blue altar of Sif Muna.
  5205 | D:5      | Entered Level 5 of the Dungeon
  5285 | D:5      | Reached skill level 6 in Long Blades
  5285 | D:5      | Reached XP level 8. HP: 48/60 MP: 8/8
  5370 | D:5      | Found a shadowy altar of Dithmenos.
  5957 | D:5      | Reached skill level 7 in Long Blades
  6162 | D:6      | Found an ornate altar of the Wu Jian Council.
  6222 | D:6      | Reached skill level 8 in Long Blades
  6367 | D:6      | Found Sizoid's Jewellery Shoppe.
  6462 | D:6      | Found a staircase to the Ecumenical Temple.
  6500 | D:6      | Reached * piety under Wu Jian
  6624 | D:7      | Noticed Dowan
  6654 | D:7      | Killed Dowan
  6657 | D:7      | Noticed Duvessa
  6744 | D:7      | Reached skill level 9 in Long Blades
  6750 | D:7      | Gained mutation: You are mostly covered in large bone
                  | plates. (SH +6) [demonic ancestry]
  6750 | D:7      | Reached XP level 9. HP: 22/65 MP: 9/9
  6944 | D:7      | Found a blossoming altar of Fedhas.
  7175 | D:6      | Killed Duvessa
  7175 | D:6      | Reached skill level 10 in Long Blades
  7549 | D:7      | Found a sparkling altar of Nemelex Xobeh.
  7870 | D:7      | Noticed Menkaure
  7879 | D:7      | Killed Menkaure
  7879 | D:7      | Reached skill level 11 in Long Blades
  7880 | D:7      | Reached ** piety under Wu Jian
  8582 | D:8      | Noticed a two-headed ogre
  8609 | D:8      | Killed a two-headed ogre
  8609 | D:8      | Reached skill level 12 in Long Blades
  8609 | D:8      | Gained mutation: You are mostly covered in sharp spines.
                  | [demonic ancestry]
  8609 | D:8      | Reached XP level 10. HP: 14/71 MP: 10/10
  9283 | D:9      | Noticed a two-headed ogre
  9482 | D:9      | Killed a two-headed ogre
  9624 | D:9      | Found an iron altar of Okawaru.
  9651 | D:9      | Noticed an elephant
  9654 | D:9      | an elephant changed into a swamp worm
  9664 | D:9      | Noticed an anaconda
  9664 | D:9      | a swamp worm changed into an anaconda
  9684 | D:9      | Killed an anaconda
  9684 | D:9      | Reached skill level 13 in Long Blades
 10098 | D:9      | Noticed a manticore
 10116 | D:9      | Killed a manticore
 10790 | D:10     | Entered Level 10 of the Dungeon
 10794 | D:10     | Found a staircase to the Lair.
 10813 | D:10     | Reached *** piety under Wu Jian
 10823 | D:10     | Reached XP level 11. HP: 32/76 MP: 11/11
 11033 | D:10     | Reached skill level 14 in Long Blades
 11390 | D:10     | Reached skill level 1 in Armour
 12366 | D:11     | Noticed an eight-headed hydra
 12587 | D:11     | Reached skill level 5 in Fighting
 12926 | D:11     | Noticed a two-headed ogre
 12955 | D:11     | Killed a two-headed ogre
 13273 | D:10     | Slain by an 11-headed hydra

Illustrated notes

Levels and vault maps discovered:
D:1:      elethiomel_arrival_diamonds, layout_loops_ring
D:2:      layout_loops_ring, old_standard_altar
D:3:      kennysheep_goblin_castle, layout_basic,
          chequers_ecumenical_altar_simple, uniq_sigmund
D:4:      layout_loops_ring, lemuel_coloured_pillars_altar,
          overflow_temple_1_default, kennysheep_mini_moat, minmay_fountain_box,
          guppyfry_early_orc_mine, uniq_grinder, uniq_blork_the_orc
D:5:      layout_loops_ring, nicolae_dithmenos_the_darkroom, first_ration
D:6:      layout_rooms, minmay_temple_entry_statues_fountains, basic_altar,
          serial_shops, kennysheep_mini
D:7:      layout_loops_ring, nemelex_xobeh_ov_fountains_minmay,
          fedhas_ov_isle_minmay, serial_glass, glass_columns_a, glass_columns_a,
          uniq_menkaure, uniq_duvessa
D:8:      layout_loops_cross
D:9:      layout_small_grid, okawaru_trees_1
D:10:     layout_loops_ring, due_lair_maze_entry_diamond
D:11:     layout_rooms, grunt_pizzeria, nicolae_qazlal_style_of_elements

Skill      XL: |  1  2  3  4  5  6  7  8  9 10 11 |
---------------+----------------------------------+-----
Throwing       | 2 |  2.0
Long Blades    | 3 4 6 9 12 13 14 | 14.0
Dodging        | 3 4 |  4.1
Fighting       | 3 4 6 |  6.1
Shields        | 1 2 3 4 |  4.0
Armour         | 4 |  4.0

Action                   |  1- 3 |  4- 6 |  7- 9 | 10-12 || total
-------------------------+-------+-------+-------+-------++-------
Melee: Long sword        |   110 |   109 |   393 |   363 ||   975
       Kick              |       |    35 |    13 |       ||    48
Invok: Lunge             |       |       |    25 |    25 ||    50
       Whirlwind         |       |       |     1 |     5 ||     6
  Use: Scroll            |       |    10 |     5 |     7 ||    22
       Potion            |       |       |     2 |     1 ||     3
  Eat: Chunk             |     2 |     7 |    13 |    13 ||    35
       Ration            |       |       |     1 |     1 ||     2
Armor: Leather armour    |    28 |    11 |       |       ||    39
       Scale mail        |       |    24 |    78 |    81 ||   183
Dodge: Dodged            |    82 |    44 |   139 |   126 ||   391
Block: Buckler           |    14 |    19 |   136 |   173 ||   342
       Rpst.: Long sword |    20 |    15 |    46 |    25 ||   106
